 Dungeon Crawl Stone Soup version 0.27.1-34-g3ba077fa99 (webtiles) character file.

Game seed: 17981820983744385482

146 McKennaii the Poker (level 5, -4/41 HPs)
             Began as a Demonspawn Fighter on Jan 16, 2022.
             Shot with a bolt by a kobold (9 damage)
             ... on level 4 of the Dungeon.
             The game lasted 00:02:53 (3443 turns).

McKennaii the Poker (Demonspawn Fighter)            Turns: 3443, Time: 00:02:54

Health: -4/41      AC:  4    Str: 18    XL:     5   Next: 7%
Magic:  5/5        EV:  7    Int:  9    God:
Gold:   105        SH:  9    Dex: 12    Spells: 4/4 levels left

rFire    . . .     SeeInvis .   a - +0 trident
rCold    . . .     Faith    .   c - +0 kite shield
rNeg     . . .     Spirit   .   b - +0 scale mail
rPois    .         Reflect  .   (no helmet)
rElec    .         Harm     .   (no cloak)
rCorr    .         Rampage  .   (no gloves)
Will     .....                  (no boots)
Stlth    ..........             (no amulet)
HPRegen  0.13/turn              (no ring)
MPRegen  0.09/turn              (no ring)

@: corroded
A: claws 1, molten scales 1
a: no special abilities


You were on level 4 of the Dungeon.
You visited 1 branch of the dungeon, and saw 4 of its levels.

You collected 105 gold pieces.

Inventory:

Hand Weapons
 a - a +0 trident (weapon)
Armour
 b - a +0 scale mail (worn)
 c - a +0 kite shield (worn)
 o - a +0 tower shield
Scrolls
 h - a scroll of amnesia {unknown}
 j - 2 scrolls of identify {unknown}
 k - a scroll of vulnerability {unknown}
 l - a scroll of enchant weapon {unknown}
 m - a scroll of enchant armour {unknown}
 n - a scroll of teleportation {unknown}
 q - a scroll of brand weapon {unknown}
Potions
 d - a potion of might
 e - 3 potions of degeneration {unknown}
 f - 3 potions of curing {unknown}
 g - 2 potions of flight {unknown}
 i - a potion of attraction {unknown}
 p - a potion of brilliance {unknown}


   Skills:
 - Level 3.0 Fighting
 * Level 3.6 Polearms
 + Level 3.5 Armour
 + Level 3.4 Shields


You had 4 spell levels left.
You didn't know any spells.
Your spell library contained the following spells:

 Spells                   Type           Power      Damage    Failure   Level
 Summon Forest            Summ/Tloc      0%         N/A       100%        5
 Eringya's Noxious Bog    Tmut/Pois      0%         N/A       100%        6
 Summon Hydra             Summ           0%         N/A       100%        7


Dungeon Overview and Level Annotations

Branches:
Dungeon (4/15)
 Temple: D:4-7

Altars:

Annotations:
D:3 2 transporters, kalagan's ghost, amateur DECj


Innate Abilities, Weirdness & Mutations

You have sharp fingernails.
You are partially covered in molten scales. (AC +2)


Message History

The kobold shouts!
The kobold unwields a +0 dagger.
The kobold wields a +0 hand crossbow.
The kobold shoots a bolt.
The bolt hits you!
There is an open door here.
Found a scroll labelled XAWIFE APUROAC.
The kobold shoots a bolt.
You block the bolt.
You see here 15 gold pieces.
The kobold shoots a bolt.
The bolt hits you.
A jelly comes into view.
Found 9 gold pieces.
The kobold shoots a bolt.
The bolt hits you.
The kobold shoots a bolt.
You block the bolt.
The kobold shoots a bolt.
The bolt hits you.
You hit the jelly. The acid corrodes you!
Your claws burn!
The jelly is lightly wounded.
The kobold shoots a bolt.
The bolt closely misses you. The jelly barely misses you.
The kobold shoots a bolt.
The bolt hits you.
You hit the jelly but do no damage.
Your claws burn!
The jelly is lightly wounded.
The jelly closely misses you.
The kobold shoots a bolt.
The bolt hits you.
You hit the jelly but do no damage.
Your claws burn!
The jelly is lightly wounded.
The jelly hits you but does no damage.
The kobold shoots a bolt.
The bolt hits you. The jelly hits you but does no damage.
You are too injured to fight recklessly!
You are too injured to fight recklessly!
You are too injured to fight recklessly!
You are too injured to fight recklessly!
You are too injured to fight recklessly!
You are too injured to fight recklessly!
You are too injured to fight recklessly!
You are too injured to fight recklessly!
Unknown command.
The kobold shoots a bolt.
The bolt hits you.
* * * LOW HITPOINT WARNING * * *
The kobold shoots a bolt.
You block the bolt.
The jelly jiggles.
The kobold shoots a bolt.
The bolt hits you.
* * * LOW HITPOINT WARNING * * *
The kobold shoots a bolt.
The bolt hits you!
You die...

####.##.# #.......# #.#.#
#.##.#### #.#.### ..##.######
#.#.#.. ..##......#
#.#.#.#### ..######.##
#.#.#....#
.....###.######.#.#..K.#
..#....................#
.##...>.........@.J....#
.......#.########.#...####
.......#.....................
###....#.########$.........##
.......#.# #...'.........$#
###...##.# #.###..........# #
...###.####.###....##..#.# #
##..(............?#.# #
#.###.#.....####.# #


You could see a jelly and a kobold.

Vanquished Creatures
  A hound skeleton (D:4)
  4 adders
  An ufetubus (D:3)
  2 worms
  3 dart slugs
  5 orcs (D:3)
  3 bats
  10 endoplasms
  4 giant cockroaches
  10 goblins
  6 hobgoblins
  5 kobolds
  4 quokkas
  3 ball pythons
  3 frilled lizards
  4 rats (D:3)
68 creatures vanquished.

Notes
Turn   | Place    | Note
-------+----------+-------------------------------------------
     0 | D:1      | McKennaii the Demonspawn Fighter began the quest for the
                  | Orb.
     0 | D:1      | Reached XP level 1. HP: 18/18 MP: 1/1
     2 | D:1      | Noticed a spriggan
     2 | D:1      | Noticed a felid
     4 | D:1      | Noticed a djinni
     6 | D:1      | Noticed a gargoyle
     8 | D:1      | Noticed a vine stalker
     8 | D:1      | Noticed a merfolk
    11 | D:1      | Noticed a demigod
    11 | D:1      | Noticed a ghoul
    13 | D:1      | Noticed a draconian
    13 | D:1      | Noticed a barachi
    15 | D:1      | Noticed a vampire
    15 | D:1      | Noticed a tengu
    17 | D:1      | Noticed a formicid
    17 | D:1      | Noticed a troll
    19 | D:1      | Noticed a dwarf
    19 | D:1      | Noticed a human
    21 | D:1      | Noticed an ogre
    21 | D:1      | Noticed a minotaur
    23 | D:1      | Noticed a naga
    23 | D:1      | Noticed an octopode
    25 | D:1      | Noticed an elf
    25 | D:1      | Noticed a demonspawn
    27 | D:1      | Noticed a palentonga
   318 | D:1      | Gained mutation: You are partially covered in molten
                  | scales. (AC +2) [demonic ancestry]
   318 | D:1      | Reached XP level 2. HP: 24/24 MP: 2/2
  1305 | D:2      | Reached XP level 3. HP: 27/28 MP: 3/3
  2486 | D:3      | Reached XP level 4. HP: 35/35 MP: 4/4
  2830 | D:3      | Found a transporter.
  2830 | D:3      | Noticed kalagan's ghost (amateur DECj)
  2931 | D:3      | Found a faded altar of an unknown god.
  2931 | D:3      | Found a transporter.
  3317 | D:4      | Gained mutation: You have sharp fingernails. [demonic
                  | ancestry]
  3317 | D:4      | Reached XP level 5. HP: 38/41 MP: 5/5
  3443 | D:4      | Shot with a bolt by a kobold

Illustrated notes

Levels and vault maps discovered:
D:1:      kb_arrival_jail, layout_loops_corners
D:2:      layout_loops_ring, kennysheep_generic_room_2
D:3:      minmay_recursive_quarters, layout_rooms, gammafunk_ghost_mausoleum,
          basic_ecumenical_altar
D:4:      layout_basic, lemuel_tele_altar, kennysheep_little_box

Skill      XL: |  1  2  3 |
---------------+----------+-----
Polearms       | 2 3 |  3.6
Armour         | 3 |  3.5
Shields        | 3 |  3.4
Fighting       | |  3.0

Action                   |  1- 3 |  4- 6 || total
-------------------------+-------+-------++-------
Melee: Trident           |   127 |   101 ||   228
Armor: Scale mail        |    43 |    36 ||    79
Dodge: Dodged            |    21 |    23 ||    44
Block: Kite shield       |    48 |    53 ||   101
